 Dungeon Crawl Stone Soup version 0.28-a0-1504-g839a4452db (webtiles) character file.

Game seed: 13196699563803789771

8 Essalna the Firebug (level 2, 19/19 HPs)
             Began as a Demonspawn Fire Elementalist on Jan 13, 2022.
             Got out of the dungeon alive.
             The game lasted 00:00:49 (364 turns).

Essalna the Firebug (Demonspawn Fire Elementalist)   Turns: 364, Time: 00:00:49

Health: 19/19      AC:  2    Str:  8    XL:     2   Next: 0%
Magic:  4/5        EV: 12    Int: 16    God:
Gold:   19         SH:  0    Dex: 13    Spells: 4/5 levels left

rFire   . . .      SeeInvis .   (no weapon)
rCold   . . .      Faith    .   (no shield)
rNeg    . . .      Spirit   .   a - +0 robe
rPois   .          Reflect  .   (no helmet)
rElec   .          Harm     .   (no cloak)
rCorr   .          Rampage  .   (no gloves)
Will    .....                   (no boots)
Stlth   ++........              (no amulet)
HPRegen 0.06/turn               (no ring)
MPRegen 0.09/turn               (no ring)

@: no status effects
A: hooves 1
a: no special abilities


You escaped.
You visited 1 branch of the dungeon, and saw 1 of its levels.

You collected 19 gold pieces.

Inventory:

Missiles
 d - 6 javelins
Armour
 a - a +0 robe (worn)
Scrolls
 c - a scroll of teleportation {unknown}
Potions
 b - a potion of flight {unknown}


   Skills:
 - Level 1.7 Dodging
 - Level 1.7 Stealth
 + Level 2.2 Spellcasting
 + Level 1.4 Conjurations
 + Level 2.9 Fire Magic


You had 4 spell levels left.
You knew the following spells:

 Your Spells              Type           Power      Damage    Failure   Level
a - Foxfire               Conj/Fire      32%        2x1d5     9%          1

Your spell library contained the following spells:

 Spells                   Type           Power      Damage    Failure   Level
 Scorch                   Fire           22%        2d6       10%         2
 Slow                     Hex            4%         N/A       21%         1
 Conjure Flame            Conj/Fire      8%         6-21      26%         3
 Inner Flame              Hex/Fire       6%         N/A       32%         3
 Confusing Touch          Hex            1%         N/A       52%         3
 Vampiric Draining        Necr           1%         2d6       52%         3
 Flame Wave               Conj/Fire      8%         2d4       63%         4


Dungeon Overview and Level Annotations

Branches:
Dungeon (1/15)

Altars:


Innate Abilities, Weirdness & Mutations

You have large cloven feet.


Message History

You conjure some foxfire!
The foxfire hits the kobold.
The kobold is moderately wounded.
The foxfire hits the kobold.
You kill the kobold!
Casting: Foxfire (safe; 9% risk of failure)
Confirm with . or Enter, or press ? or * to list all spells.
You conjure some foxfire!
The foxfire hits the kobold.
You kill the kobold!
The foxfire hits the kobold.
The kobold is severely wounded.
Casting: Foxfire (safe; 9% risk of failure)
Confirm with . or Enter, or press ? or * to list all spells.
You don't have enough magic to cast this spell.
The foxfire hits the kobold.
You kill the kobold!
Things that are here:
a +0 short sword; 2 stones; a kobold corpse Your foxfire dissipates!
Items here: ( )) ††.
A kobold is nearby!
You are too depleted to draw on your mana recklessly!
Things that are here:
a +0 short sword; 2 stones; a kobold corpse You see here a +0 whip.
Casting: Foxfire (safe; 9% risk of failure)
Confirm with . or Enter, or press ? or * to list all spells.
You conjure some foxfire!
The foxfire hits the kobold.
You kill the kobold!
You have reached level 2!
Your demonic ancestry asserts itself...
Your feet thicken and deform.
You open the door.
Your foxfire dissipates!
There is an open door here.
There is a staircase leading out of the dungeon here.
Are you sure you want to leave the Dungeon?
This will make you lose the game!
Alright, then stay!
Are you sure you want to leave the Dungeon?
This will make you lose the game!
You have escaped!

.. #.# #..####
##.....# .
##....8.####
#.#.......≈≈≈#
#........≈§≈§##.#
#..8..8@.≈≈§>##.#.# #
##.......≈§≈≈##.#.# #
##......§§§≈##.#.# #
##....8§#####.#.# #
##.....## #.#.# #
#.......# #.#.# #
#.......####.#.# #
#..###.......#.######
#.. #...............


There were no monsters in sight!

Vanquished Creatures
  A ball python (D:1)
  A quokka (D:1)
  5 kobolds (D:1)
7 creatures vanquished.

Vanquished Creatures (others)
  19 foxfires (D:1)
  5 plants (D:1)
24 creatures vanquished.

Grand Total: 31 creatures vanquished

Notes
Turn   | Place    | Note
-------+----------+-------------------------------------------
     0 | D:1      | Essalna the Demonspawn Fire Elementalist began the quest
                  | for the Orb.
     0 | D:1      | Reached XP level 1. HP: 13/13 MP: 3/3
   319 | D:1      | Gained mutation: You have large cloven feet. [demonic
                  | ancestry]
   319 | D:1      | Reached XP level 2. HP: 19/19 MP: 0/5
   364 | D:$      | Got out of the dungeon alive.

Illustrated notes

Levels and vault maps discovered:
D:1:      grunt_arrival_lava_bath, layout_basic, basic_ecumenical_altar,
          lexackson_kobold_supper

Action                   || total
-------------------------++-------
Melee: Unarmed           ||    13
       Punch             ||     2
 Cast: Foxfire           ||    13
Armor: Robe              ||     3
Dodge: Dodged            ||    15

Table legend: (Time is in decaauts)
 A = Elapsed time spent in this place.
 B = Non-inter-level travel time spent in this place.
 C = Inter-level travel time spent in this place.
 D = Time resting spent in this place.
 E = Time spent auto-exploring this place.
 F = Levels seen in this place.
 G = Mean time per level.
                   A        B        C        D        E       F      G
               +--------+--------+--------+--------+--------+-----+--------+
         Total |    364 |    320 |     44 |      0 |    252 |   1 |  364.0 |
       Dungeon |    364 |    320 |     44 |      0 |    252 |   1 |  364.0 |
               +--------+--------+--------+--------+--------+-----+--------+

Top non-repeatable levels by time:
     D:1: 364 daAuts
